 Dungeon Crawl Stone Soup version 0.27-a0-1181-g5f64966fcc (webtiles) character file.

Game seed: 15451049845345588964

1674 bilbop the Magician (level 9, 0/62 HPs)
             Began as a Djinni Venom Mage on May 17, 2021.
             Slain by a wight
             ... wielding a +4 flail
              (5 damage)
             ... on level 8 of the Dungeon.
             The game lasted 00:36:52 (8472 turns).

bilbop the Magician (Djinni Venom Mage)             Turns: 8472, Time: 00:36:52

Health: 0/62       AC:  8    Str:  7    XL:     9   Next: 21%
Gold:   190        EV: 12    Int: 19    God:
                   SH:  0    Dex: 15

rFire    + + .     SeeInvis .   c - +0 dagger
rCold    x . .     Faith    .   (no shield)
rNeg     . . .     Spirit   .   t - +0 steam dragon scales
rPois    ∞         Reflect  .   (no helmet)
rElec    .         Harm     .   h - +1 cloak
rCorr    .         Rampage  .   g - +0 pair of gloves
Will     .....                  (boots unavailable)
Stlth    +++.......             (no amulet)
HPRegen  0.20/turn              (no ring)
MPRegen  0.00/turn              (no ring)

@: flying
A: sickness immunity, fire resistance 2, cold vulnerability 1, float, innate
caster, hp casting, extra vitality 1
a: no special abilities


You were on level 8 of the Dungeon.
You visited 1 branch of the dungeon, and saw 7 of its levels.

You collected 190 gold pieces.

Inventory:

Hand Weapons
 c - a +0 dagger (weapon)
Armour
 d - a +0 leather armour
 g - a +0 pair of gloves (worn)
 h - a +1 cloak (worn)
 t - +0 steam dragon scales (worn)
Jewellery
 j - a ring of protection from fire
Wands
 s - a wand of iceblast (8)
Scrolls
 a - a scroll of blinking
 i - 2 scrolls of identify
 k - a scroll of noise
 l - a scroll of enchant armour
 m - 2 scrolls of fear
 o - a scroll of magic mapping
 p - 3 scrolls of enchant weapon {unknown}
 q - a scroll of torment {unknown}
Potions
 b - a potion of might {unknown}
 e - 4 potions of resistance {unknown}
 f - 2 potions of curing {unknown}
 n - 2 potions of degeneration {unknown}
 r - a potion of lignification {unknown}
 u - a potion of haste {unknown}
 v - a potion of mutation {unknown}


   Skills:
 + Level 3.9 Fighting
 + Level 3.5 Short Blades
 - Level 2.1 Dodging
 + Level 3.9 Stealth
 + Level 4.1 Shields
 * Level 5.2 Spellcasting
 + Level 3.8 Invocations


You couldn't memorise any spells.
You knew the following spells:

 Your Spells              Type           Power      Damage    Failure   Level
a - Sting                 Tmut/Pois      96%        1d7       1%          1
b - Poisonous Vapours     Pois/Air       48%        N/A       2%          2
c - Mephitic Cloud        Conj/Pois/Air  24%        N/A       4%          3
d - Ignite Poison         Fire/Tmut/Pois 24%        N/A       4%          3
e - Olgreb's Toxic Radia  Pois           24%        N/A       14%         4
f - Summon Small Mammal   Summ           96%        N/A       1%          1
g - Slow                  Hex            24%        N/A       2%          2
h - Dazzling Flash        Conj/Hex       48%        N/A       4%          3
i - Teleport Other        Tloc           24%        N/A       4%          3
Your spell library was empty.

Dungeon Overview and Level Annotations

Branches:
Dungeon (8/15)
 Temple: D:4-7         Lair: D:8-11

Altars:
Kikubaaqudgha
Zin
The Shining One

Shops:
D:4 ?   D:5 !*

Annotations:
D:6 3 runed translucent doors, bande's ghost, novice GrFi


Innate Abilities, Weirdness & Mutations

You are immune to sickness and miasma.
You are immune to poison.
Your flesh is very heat resistant. (rF++)
You are vulnerable to cold. (rC-)
You float through the air rather than walking.
You learn spells naturally, not from books.
Your magical power is your life essence.
You have superior vitality. (+4 HP)


Message History

You are too injured to fight recklessly!
You are too injured to fight recklessly!
You are too injured to fight recklessly!
Casting: Sting (safe; 1% risk of failure)
Confirm with . or Enter, or press ? or * to list all spells.
Aiming: Sting (safe; 1% risk of failure)
Press: ? - help, Shift-Dir - straight line, f/p - wight
Aim: a wight, wielding a +4 flail and wearing a +0 robe (almost destroyed, 76% to hit)
The sting hits the wight but does no damage.
The wight is almost destroyed.
The wight hits you with a +4 flail.
You closely miss the wight.
The wight is almost destroyed.
The wight hits you with a +4 flail!
* * * LOW HITPOINT WARNING * * *
You barely miss the wight.
The wight is almost destroyed.
You closely miss the wight.
The wight is almost destroyed.
The wight hits you with a +4 flail!
* * * LOW HITPOINT WARNING * * *
Casting: Sting (safe; 1% risk of failure)
Confirm with . or Enter, or press ? or * to list all spells.
Okay, then.
Aiming: Sting (safe; 1% risk of failure)
Press: ? - help, Q - select action, (/) - cycle Shift-Dir - straight line, f/p - wight
Aim: a wight, wielding a +4 flail and wearing a +0 robe (almost destroyed, 76% to hit)
The sting hits the wight but does no damage.
The wight is almost destroyed.
* * * LOW HITPOINT WARNING * * *
The wight hits you with a +4 flail.
* * * LOW HITPOINT WARNING * * *
Aiming: Sting (safe; 1% risk of failure)
Press: ? - help, Q - select action, (/) - cycle Shift-Dir - straight line, f/p - wight
Aim: a wight, wielding a +4 flail and wearing a +0 robe (almost destroyed, 76% to hit)
The sting hits the wight.
The wight partially resists.
The wight is almost destroyed.
* * * LOW HITPOINT WARNING * * *
The wight hits you with a +4 flail.
You die...

#.#
#.#.#########
#.# #.#.# #.#
#.#.# #.###.#.#
#.....#.#
#.......#
#.###########
#....).......
#####@......#
......z.......#
#######.......#
#.......#
#######.# .


You could see a wight.

Vanquished Creatures
  Pikel (D:5)
  A wyvern (D:8)
  A steam dragon (D:6)
  Menkaure (D:5)
  A sky beast (D:5)
  A necrophage (D:5)
  2 centaurs
  A scorpion (D:6)
  2 wights (D:8)
  4 hounds
  An iguana (D:5)
  5 adders
  A river rat (D:5)
  A shadow imp (D:5)
  An ufetubus (D:4)
  3 worms
  3 dart slugs
  An orc (D:4)
  5 endoplasms
  A giant cockroach (D:5)
  10 goblins
  8 hobgoblins
  13 jackals
  4 quokkas
  7 ball pythons
  6 bats
  4 frilled lizards
  4 kobolds
  6 rats
99 creatures vanquished.

Vanquished Creatures (collateral kills)
  2 necrophages
  A phantom (D:5)
  A water moccasin skeleton (D:5)
  A jelly (D:8)
  A bullfrog skeleton (D:5)
  2 worms (D:2)
  A ball python (D:1)
  A bat (D:2)
  3 jackals
  A kobold (D:1)
14 creatures vanquished.

Grand Total: 113 creatures vanquished

Notes
Turn   | Place    | Note
-------+----------+-------------------------------------------
     0 | D:1      | bilbop the Djinni Venom Mage began the quest for the Orb.
     0 | D:1      | Reached XP level 1. HP: 15/15 MP: 0/0
   470 | D:1      | Reached XP level 2. HP: 20/21 MP: 0/0
  1275 | D:1      | Reached XP level 3. HP: 21/26 MP: 0/0
  1275 | D:1      | Learned a level 1 spell: Summon Small Mammal
  1798 | D:1      | Found a faded altar of an unknown god.
  2462 | D:2      | Reached skill level 1 in Shields
  2700 | D:2      | Reached XP level 4. HP: 25/31 MP: 0/0
  2803 | D:2      | Reached skill level 3 in Spellcasting
  2872 | D:2      | Reached skill level 1 in Fighting
  2944 | D:2      | Reached skill level 1 in Invocations
  3837 | D:3      | Reached skill level 1 in Short Blades
  3926 | D:3      | Reached XP level 5. HP: 36/37 MP: 0/0
  3926 | D:3      | Learned a level 2 spell: Slow
  4731 | D:4      | Found Destem's Magic Scroll Shop.
  5118 | D:4      | Reached XP level 6. HP: 20/43 MP: 0/0
  5663 | D:5      | Entered Level 5 of the Dungeon
  5814 | D:5      | Noticed a necrophage
  5973 | D:5      | Killed a necrophage
  6195 | D:5      | Reached XP level 7. HP: 24/49 MP: 0/0
  6195 | D:5      | Learned a level 3 spell: Dazzling Flash
  6697 | D:5      | Reached skill level 4 in Spellcasting
  6895 | D:5      | Found Zin's Purification Station.
  6897 | D:5      | Found a glowing silver altar of Zin.
  6976 | D:5      | Found Ogappug's Distillery.
  7239 | D:5      | Found a glowing golden altar of the Shining One.
  7278 | D:5      | Noticed Pikel
  7279 | D:5      | Noticed Menkaure
  7290 | D:5      | Killed Pikel
  7291 | D:5      | Reached XP level 8. HP: 12/56 MP: 0/0
  7292 | D:5      | Killed Menkaure
  7672 | D:6      | Found a runed translucent gate.
  7672 | D:6      | Found a runed translucent gate.
  7675 | D:6      | Found a runed translucent gate.
  7678 | D:6      | Noticed bande's ghost (novice GrFi)
  8041 | D:6      | You are sucked into a shaft and drop 2 floors!
  8043 | D:8      | Noticed a wyvern
  8049 | D:8      | Reached skill level 5 in Spellcasting
  8049 | D:8      | Reached XP level 9. HP: 36/61 MP: 0/0
  8049 | D:8      | Learned a level 3 spell: Teleport Other
  8472 | D:8      | Slain by a wight

Illustrated notes

Levels and vault maps discovered:
D:1:      psy_arrival_terrarium, layout_basic,
          hellmonk_ecumenical_altar_dog_temple
D:2:      layout_loops_ring
D:3:      kennysheep_the_goblin_king, layout_basic
D:4:      layout_rooms, serial_shops, shop
D:5:      layout_basic, kennysheep_mini_moat, kennysheep_mini, zin_purify,
          serial_shops, shop, portal_sewer_entry_b, uniq_pikel, uniq_menkaure
D:6:      layout_loops_ring, gammafunk_ghost_split, lightli_corner_chamber
D:8:      layout_basic, uniq_maurice, uniq_grum

Skill      XL: |  1  2  3  4  5  6  7  8  9 |
---------------+----------------------------+-----
Shields        | 1 2 3 4 |  4.1
Spellcasting   | 3 4 5 |  5.2
Fighting       | 1 2 3 |  3.9
Stealth        | 2 3 |  3.9
Invocations    | 1 2 3 |  3.8
Short Blades   | 1 2 3 |  3.5
Dodging        | |  2.1

Action                   |  1- 3 |  4- 6 |  7- 9 || total
-------------------------+-------+-------+-------++-------
Melee: Unarmed           |     6 |       |       ||     6
       Dagger            |    49 |    69 |    44 ||   162
 Cast: Sting             |    59 |    69 |    41 ||   169
       Summon Small Mamm |    10 |    42 |    25 ||    77
       Poisonous Vapours |       |    21 |    11 ||    32
       Ignite Poison     |       |       |     8 ||     8
       Mephitic Cloud    |       |       |     4 ||     4
  Use: Scroll            |       |     5 |       ||     5
 Stab: Sleeping          |     1 |     3 |     1 ||     5
Armor: Robe              |     1 |       |       ||     1
       Leather armour    |    26 |    35 |    20 ||    81
       Steam dragon scal |       |       |     7 ||     7
Dodge: Dodged            |    70 |    57 |    38 ||   165

Table legend: (Time is in decaauts)
 A = Elapsed time spent in this place.
 B = Non-inter-level travel time spent in this place.
 C = Inter-level travel time spent in this place.
 D = Time resting spent in this place.
 E = Time spent auto-exploring this place.
 F = Levels seen in this place.
 G = Mean time per level.
                   A        B        C        D        E       F      G
               +--------+--------+--------+--------+--------+-----+--------+
         Total |   8462 |   8140 |    322 |   2910 |   4251 |   7 | 1208.9 |
       Dungeon |   8462 |   8140 |    322 |   2910 |   4251 |   7 | 1208.9 |
               +--------+--------+--------+--------+--------+-----+--------+

Top non-repeatable levels by time:
     D:1: 2443 daAuts
     D:5: 1991 daAuts
     D:2: 1387 daAuts
     D:4: 1005 daAuts
     D:3: 823 daAuts
     D:8: 429 daAuts
     D:6: 382 daAuts
